 Dungeon Crawl Stone Soup version 0.17.1-3-g152610e (webtiles) character file.

1039 Jerry the Shield-Bearer (level 8, 0/46 HPs)
             Began as a Gargoyle Fighter on Apr 1, 2016.
             Was an Initiate of Ru.
             Slain by an ice beast (5 damage)
             ... on level 5 of the Dungeon.
             The game lasted 00:18:31 (4799 turns).

Jerry the Shield-Bearer (Gargoyle Fighter)          Turns: 4799, Time: 00:18:31

Health: 0/46       AC: 11    Str: 20    XL:     8   Next: 24%
Magic:  8/8        EV: 11    Int: 10    God:    Ru [......]
Gold:   203        SH: 10    Dex: 10    Spells: 0 memorised, 7 levels left

rFire  . . .     SeeInvis .     p - +0 flail (pain)
rCold  . . .     Clarity  .     q - +1 robe {MR+}
rNeg   + . .     SustAt   .     c - +0 shield
rPois  ∞         Gourm    .     (no helmet)
rElec  +         Spirit   .     t - +0 cloak
rCorr  .         Warding  .     o - +0 pair of gloves
rMut   .         Stasis   +     (no boots)
MR     +....                    h - amulet of stasis
Stlth  +.........               (no ring)
                                (no ring)

@: somewhat resistant to hostile enchantments, very unstealthy
A: negative energy resistance 1, electricity resistance, unbreathing,
petrification resistance, rot immunity, AC +5
a: Renounce Religion


You were on level 5 of the Dungeon.
You worshipped Ru.
Ru was noncommittal.
You were not hungry.

You visited 2 branches of the dungeon, and saw 6 of its levels.

You collected 203 gold pieces.

Inventory:

Hand Weapons
 p - a +0 flail of pain (weapon)
Missiles
 a - a throwing net (quivered)
Armour
 c - a +0 shield (worn)
 o - a +0 pair of gloves (worn)
 q - a +1 robe of magic resistance (worn)
 t - a +0 cloak (worn)
Jewellery
 h - an amulet of stasis (around neck)
Scrolls
 d - 2 scrolls of enchant armour {unknown}
 i - 2 scrolls of remove curse
 j - a scroll of magic mapping {unknown}
 k - a scroll of fear {unknown}
 m - a scroll of enchant weapon {unknown}
 n - a scroll of blinking {unknown}
Potions
 b - a potion of lignification {unknown}
 f - 3 potions of heal wounds {unknown}
 l - a potion of haste {unknown}
Comestibles
 e - 4 bread rations
 r - 4 fruits


   Skills:
 - Level 3.2 Fighting
 + Level 5.2 Maces & Flails
 - Level 5.3 Armour
 + Level 3.9 Dodging
 + Level 6.3 Shields


You had 7 spell levels left.
You didn't know any spells.

Dungeon Overview and Level Annotations

Branches:
Dungeon (5/15)             Temple (1/1) D:4

Altars:
Ashenzari
Dithmenos
Elyvilon
Fedhas
Gozag
Kikubaaqudgha
Nemelex Xobeh
Okawaru
Qazlal
Ru
Sif Muna
Trog
Vehumet
Xom
Yredelemnul
Zin


Innate Abilities, Weirdness & Mutations

You are resistant to torment.
Your stone body is resilient (AC +5).
You are immune to poison.
You resist negative energy.
You are resistant to electric shocks.
You can survive without breathing.
You are immune to petrification.
You are immune to rotting.


Message History

The ice beast hits you. The ice beast freezes you!
You block the ice beast's attack.
You barely miss the ice beast.
The ice beast is moderately wounded.
The ice beast hits you but does no damage.
You hit the ice beast.
The ice beast is moderately wounded.
The ice beast hits you. The ice beast freezes you!
* * * LOW HITPOINT WARNING * * *
You are too injured to fight recklessly!
You are too injured to fight recklessly!
You closely miss the ice beast.
The ice beast is moderately wounded.
The ice beast closely misses you.
You barely miss the ice beast.
The ice beast is moderately wounded.
The ice beast hits you.
* * * LOW HITPOINT WARNING * * *
The ice beast freezes you.
You die...

..........##.......#....
.. #
..........##.......#....
... #
#######...##............
....# #####
#................. ...[#
....###.....(...........
.....
.#.#.#.#.#.........=....
.....
........................
.....
.#.......#..............
.#...
......>.........@l......
.....
.#.......#......#Y..#...
.....
................#...# .
.....
.#.......#......#..l..
....#
#...............#.......
....#
.#.#.#.#.#......#.......
... #
................#.......
.. #
.....###.?......##......
# .....# #...###### #


You could see an ice beast and 2 giant newts.

Vanquished Creatures
  A wasp (D:3)
  2 eyes of draining (D:3)
  An ice beast (D:4)
  A necrophage (D:5)
  2 ogres (D:4)
  A scorpion (D:5)
  An iguana (D:5)
  An orc priest (D:4)
  Crazy Yiuf (D:4)
  4 orc wizards
  A worker ant (D:4)
  3 adders
  4 gnolls
  An ooze (D:2)
  5 giant geckos
  6 orcs (D:4)
  A ball python (D:2)
  2 bats
  2 giant cockroaches
  3 hobgoblins
  7 jackals
  8 giant newts
  6 goblins
  8 kobolds
  A quokka skeleton (D:5)
  A quokka zombie (D:5)
  5 rats
79 creatures vanquished.

Notes
Turn   | Place    | Note
--------------------------------------------------------------
     0 | D:1      | Jerry the Gargoyle Fighter began the quest for the Orb.
     0 | D:1      | Reached XP level 1. HP: 14/14 MP: 1/1
   140 | D:1      | Reached XP level 2. HP: 19/19 MP: 2/2
   708 | D:2      | Found a sparkling altar of Nemelex Xobeh.
   741 | D:2      | Reached XP level 3. HP: 21/23 MP: 3/3
   985 | D:2      | Reached skill level 1 in Dodging
  1783 | D:3      | Found a bloodstained altar of Trog.
  1783 | D:3      | Noticed an eye of draining
  1814 | D:3      | Reached skill level 4 in Armour
  1824 | D:3      | Reached XP level 4. HP: 25/28 MP: 4/4
  1879 | D:3      | Killed an eye of draining
  1879 | D:3      | Reached XP level 5. HP: 32/32 MP: 0/5
  1887 | D:3      | Noticed an eye of draining
  1898 | D:3      | Killed an eye of draining
  1898 | D:3      | Reached XP level 6. HP: 37/37 MP: 0/6
  2036 | D:3      | Noticed a wasp
  2055 | D:3      | HP: 1/37 [wasp (4)]
  2059 | D:3      | Killed a wasp
  2059 | D:3      | Reached skill level 5 in Armour
  2607 | D:4      | Reached skill level 5 in Shields
  2607 | D:4      | Reached XP level 7. HP: 41/41 MP: 7/7
  2616 | D:4      | Found a shadowy altar of Dithmenos.
  3130 | D:4      | Noticed Crazy Yiuf
  3141 | D:4      | Killed Crazy Yiuf
  3725 | D:4      | Found an ancient bone altar of Kikubaaqudgha.
  3845 | D:4      | Found a staircase to the Ecumenical Temple.
  3854 | Temple   | Entered the Ecumenical Temple
  3997 | D:5      | Entered Level 5 of the Dungeon
  4191 | Temple   | Became a worshipper of Ru the Awakened
  4334 | D:5      | Reached skill level 6 in Shields
  4334 | D:5      | Reached XP level 8. HP: 44/46 MP: 8/8
  4368 | D:5      | Reached skill level 5 in Maces & Flails
  4799 | D:5      | Slain by an ice beast

Action                   |  1- 3 |  4- 6 |  7- 9 || total
-------------------------+-------+-------+-------++-------
Melee: Flail             |   232 |    58 |   182 ||   472
       Whip              |    39 |       |       ||    39
  Use: Scroll            |     5 |       |       ||     5
       Potion            |       |     2 |     1 ||     3
  Eat: Chunk             |     3 |     3 |     7 ||    13
